 Dungeon Crawl Stone Soup version 0.18-a0-960-g77c8fc5 (webtiles) character file.

104 filipzpl the Magician (level 4, 0/24 HPs)
             Began as a Deep Elf Wizard on Dec 31, 2015.
             Slain by a jackal (1 damage)
             ... on level 3 of the Dungeon.
             The game lasted 00:07:10 (2836 turns).

filipzpl the Magician (Deep Elf Wizard)             Turns: 2836, Time: 00:07:10

Health: 0/24       AC:  3    Str:  4    XL:     4   Next: 52%
Magic:  14/14      EV: 12    Int: 24    God:
Gold:   79         SH:  3    Dex: 13    Spells: 5 memorised, 4 levels left

rFire  . . .     SeeInvis .     t - +0 mace
rCold  . . .     Gourm    .     a - +0 robe
rNeg   . . .     Faith    .     u - +0 buckler
rPois  .         Spirit   .     b - +0 hat
rElec  .         Dismiss  .     (no cloak)
rCorr  .         Reflect  .     s - +0 pair of gloves
SustAt .         Harm     .     (no boots)
MR     .....                    (no amulet)
Stlth  ++........               (no ring)
                                (no ring)

@: not resistant to hostile enchantments, unstealthy
A: no striking features
a: no special abilities


You were on level 3 of the Dungeon.
You were very hungry.

You visited 1 branch of the dungeon, and saw 3 of its levels.

You collected 79 gold pieces.

Inventory:

Hand Weapons
 t - a +0 mace (weapon)
Armour
 a - a +0 robe (worn)
 b - a +0 hat (worn)
 s - a +0 pair of gloves (worn)
 u - a +0 buckler (worn)
Wands
 p - a wand of polymorph (15/24)
Scrolls
 e - 2 scrolls of noise {unknown}
 k - 6 scrolls of identify {unknown}
 l - a scroll of fog {unknown}
 m - a scroll of enchant armour {unknown}
 n - a scroll of remove curse {unknown}
Potions
 f - 2 potions of brilliance {unknown}
 h - 3 potions of curing {unknown}
 i - a potion of invisibility {unknown}
 j - a potion of cancellation {unknown}
 o - a potion of lignification {unknown}
 q - a potion of cure mutation {unknown}
 r - a potion of mutation {unknown}
Books
 c - a book of Minor Magic

   Spells                             Type                      Level
   a - Magic Dart                     Conjuration                  1
   b - Blink                          Translocation                2
   c - Call Imp                       Summoning                    2
   d - Repel Missiles                 Charms/Air                   2
   e - Slow                           Hexes                        2
   f - Conjure Flame                  Conjuration/Fire             3
   g - Mephitic Cloud                 Conjuration/Poison/Air       3
Comestibles
 d - 2 bread rations


   Skills:
 - Level 2.4 Dodging
 - Level 2.4 Stealth
 * Level 6.4 Spellcasting
 - Level 1.9 Conjurations
   Level 1.1 Summonings
 - Level 1.1 Translocations
 + Level 1.0 Fire Magic
 + Level 1.2 Air Magic


You had 4 spell levels left.
You knew the following spells:

 Your Spells              Type           Power        Failure   Level  Hunger
a - Magic Dart            Conj           ###.         8%          1    None
b - Blink                 Tloc           N/A          14%         2    None
c - Repel Missiles        Chrm/Air       ##....       17%         2    None
d - Conjure Flame         Conj/Fire      ###.....     21%         3    None
e - Mephitic Cloud        Conj/Pois/Air  ##......     28%         3    None


Dungeon Overview and Level Annotations

Branches:
Dungeon (3/15)

Altars:


Message History

The goblin shoots a stone.
The stone barely misses you.
Your magical contamination has completely faded away.
Found 16 bolts of penetration.
You see here a stone.
The jackal misses you.
The goblin shoots a stone.
The stone hits you but does no damage. The jackal closely misses you.
The goblin shoots a stone.
The stone barely misses you.
You hear a splash.
The jackal barely misses you. The jackal closely misses you.
The goblin unwields an uncursed hunting sling.
The goblin hits you but does no damage. The goblin hits you.
* * * LOW HITPOINT WARNING * * *
The jackal bites you.
* * * LOW HITPOINT WARNING * * *
The goblin hits you.
* * * LOW HITPOINT WARNING * * *
The jackal bites you.
You die...

#≈≈≈##'''##≈≈≈≈≈≈##
#≈≈
#.....#≈≈≈≈≈≈≈## #.
#.....#.....≈≈≈#
#.....#...g..≈≈#
#....o##'##..≈≈#
#.....#...#gg≈≈#
#..[..#.g.#.h≈≈#
#...o.#...#gh≈≈#
##.....##o##(@≈≈#
.$......g..o#...≈≈#
............#...≈≈#
...##########...≈≈#
... ####≈≈# .. ≈≈#
≈≈# ###


You could see 2 jackals and 4 goblins.

Vanquished Creatures
  Ijyb (D:2)
  2 adders (D:2)
  3 worms (D:2)
  An orc (D:2)
  A ball python (D:2)
  5 bats
  A giant cockroach (D:2)
  7 goblins
  4 hobgoblins
  8 jackals (D:1)
  7 giant newts (D:2)
  6 kobolds
  3 rats
49 creatures vanquished.

Notes
Turn   | Place    | Note
--------------------------------------------------------------
     0 | D:1      | filipzpl the Deep Elf Wizard began the quest for the Orb.
     0 | D:1      | Reached XP level 1. HP: 10/10 MP: 7/7
   174 | D:1      | Reached XP level 2. HP: 6/15 MP: 0/9
   181 | D:1      | Reached skill level 5 in Spellcasting
  1082 | D:1      | Reached XP level 3. HP: 19/19 MP: 8/12
  1241 | D:1      | Learned a level 2 spell: Blink
  1244 | D:1      | Learned a level 2 spell: Repel Missiles
  1248 | D:1      | Learned a level 3 spell: Conjure Flame
  1252 | D:1      | Learned a level 3 spell: Mephitic Cloud
  1325 | D:2      | Noticed Ijyb
  1331 | D:2      | Killed Ijyb
  1448 | D:2      | Reached skill level 6 in Spellcasting
  1756 | D:2      | Reached XP level 4. HP: 24/24 MP: 9/14
  1838 | D:2      | Reached skill level 1 in Air Magic
  2374 | D:2      | Reached skill level 1 in Fire Magic
  2836 | D:3      | HP: 1/24 [goblin (1)]
  2836 | D:3      | Slain by a jackal

Vault maps used:
D:1:      dpeg_arrival_tiny_a, hangedman_decor_diamond_cutter,
          grunt_decor_mini_mirrors, minmay_misc_feat_doors,
          kennysheep_crisscross
D:2:      uniq_iyjb
D:3:      kennysheep_goblin_castle, roderic_digamma_sauvastika, uniq_terence

Action                   |  1- 3 |  4- 6 || total
-------------------------+-------+-------++-------
Melee: Unarmed           |    17 |       ||    17
       Mace              |       |    20 ||    20
 Cast: Magic Dart        |    83 |    38 ||   121
       Conjure Flame     |     1 |       ||     1
  Eat: Chunk             |     2 |     1 ||     3
       Pizza             |       |     1 ||     1
